 Dungeon Crawl Stone Soup version 0.28.0-53-g5a82cb258f (webtiles) character file.

Game seed: 17532486641451478345

22197 SanguineChosen the Severer (level 12, -7/168 HPs)
             Began as a Minotaur Berserker on Aug 1, 2022.
             Was a High Priest of Trog.
             Mangled by a ten-headed hydra (10 damage)
             ... on level 11 of the Dungeon.
             The game lasted 00:55:43 (16547 turns).

SanguineChosen the Severer (Minotaur Berserker)    Turns: 16547, Time: 00:55:44

Health: -7/168     AC: 26    Str: 27    XL:     12   Next: 60%
Magic:  11/11      EV:  2    Int:  4    God:    Trog [*****.]
Gold:   151        SH:  4    Dex: 10    Spells: 11/11 levels left

rFire   . . .      SeeInvis .   O - +2 morningstar (drain)
rCold   . . .      Faith    .   I - +0 buckler
rNeg    + . .      Spirit   .   (armour currently unavailable)
rPois   +          Reflect  .   (helmet currently unavailable)
rElec   .          Harm     .   (cloak currently unavailable)
rCorr   .          Rampage  .   (gloves currently unavailable)
Will    +....      NoTele   +   (boots currently unavailable)
Stlth   +.........              E - amulet of regeneration
HPRegen 1.18/turn               a - ring of willpower
MPRegen 0.12/turn               F - ring of positive energy

@: tree-form, hasted, studying Armour, very quick
A: stationary, stasis, torment immunity, boosted hp, (horns 2), (retaliatory
headbutt)
a: Renounce Religion, Berserk, Trog's Hand, Brothers in Arms


You were on level 11 of the Dungeon.
You worshipped Trog.
Trog was extremely pleased with you.
You were a tree.
You visited 2 branches of the dungeon, and saw 14 of its levels.

You collected 849 gold pieces.
You spent 698 gold pieces at shops.

Inventory:

Hand Weapons
 b - a +1 vorpal war axe
 f - a +1 hand axe of freezing
 i - the +7 short sword of Vioptask {freeze, Str+2 Int+5}
   (You found it on level 2 of the Dungeon)

   It freezes those it strikes, dealing additional cold damage.
   It can also slow down cold-blooded creatures.
   Str:       It affects your strength (+2).
   Int:       It affects your intelligence (+5).
 s - a +1 vorpal mace
 y - a +0 dire flail of protection
 C - the +1 trident "Naduosty" {freeze, rPois Dex+7}
   (You took it off a spriggan on level 8 of the Dungeon)

   It freezes those it strikes, dealing additional cold damage.
   It can also slow down cold-blooded creatures.
   Dex:       It affects your dexterity (+7).
   rPois:     It protects you from poison.
 O - a +2 morningstar of draining (weapon)
 T - a +2 broad axe of flaming
Missiles
 o - a throwing net
 p - 36 poisoned darts (quivered)
 A - 5 curare-tipped darts
Armour
 l - a +1 cloak (melded)
 u - a +0 plate armour (melded)
 I - a +0 buckler (worn)
 J - a +0 pair of gloves (melded)
Jewellery
 a - a ring of willpower (left branch)
 B - a +6 ring of intelligence
 E - an amulet of regeneration (around neck)
 F - a ring of positive energy (right branch)
 L - an amulet of guardian spirit
Wands
 e - a wand of iceblast (14)
 r - a wand of digging (6)
 t - a wand of flame (10)
 x - a wand of acid (7)
 H - a wand of charming (5)
Scrolls
 c - a scroll of fear
 d - 7 scrolls of teleportation
 k - 3 scrolls of fog
 m - 3 scrolls of magic mapping
 v - 2 scrolls of brand weapon
 G - a scroll of holy word {unknown}
 K - a scroll of silence {unknown}
 U - 2 scrolls of blinking {unknown}
Potions
 h - a potion of haste
 j - 4 potions of flight
 n - a potion of berserk rage {unknown}
 q - a potion of cancellation
 w - a potion of resistance
 z - 3 potions of brilliance {unknown}
 D - a potion of lignification
 M - a potion of magic {unknown}
 N - a potion of ambrosia {unknown}
 Q - 3 potions of degeneration {unknown}
 S - 2 potions of mutation {unknown}


   Skills:
 + Level 12.3 Fighting
 + Level 16.4 Axes
 + Level 15.2 Armour
 + Level 3.7 Dodging
 + Level 3.9 Shields
 + Level 1.1 Evocations


You had 11 spell levels left.
You didn't know any spells.
Your spell library was empty.

Dungeon Overview and Level Annotations

Branches:
Dungeon (11/15)            Temple (0/1) D:5            Lair (3/6) D:10
  Snake (0/4) Lair:2
  Swamp: Lair:2-4    Shoals: Lair:2-4       Orc: D:9-12

Altars:
Ashenzari
Hepliaklqana
Okawaru
Xom
The Shining One

Shops:
D:2 *   D:4 *


Innate Abilities, Weirdness & Mutations

You are a tree.
Your roots penetrate the ground, keeping you stationary.
You cannot be teleported.
You are immune to unholy pain and torment.
Your maximum health is greatly increased.
Your equipment is partially melded.
((You have a pair of horns on your head.))
((You reflexively headbutt those who attack you in melee.))


Message History

* * * LOW HITPOINT WARNING * * *
The nine-headed hydra bites you!
* * * LOW HITPOINT WARNING * * *
The nine-headed hydra bites you but does no damage. x3
You block the nine-headed hydra's attack.
The nine-headed hydra bites you but does no damage.
Aiming: Iceblast
Press: ? - help, Q - select action, (/) - cycle Shift-Dir - straight line, p - nine-headed hydra
Okay, then.
Aiming: Corrosive Bolt
Press: ? - help, Q - select action, (/) - cycle Shift-Dir - straight line, f/p - nine-headed hydra
Aim: a nine-headed hydra (heavily wounded, lightly drained, 90% to hit)
The bolt of acid hits the nine-headed hydra!
The acid corrodes the nine-headed hydra!
The nine-headed hydra is severely wounded.
The ten-headed hydra bites you but does no damage. x8
The ten-headed hydra bites you.
* * * LOW HITPOINT WARNING * * *
The ten-headed hydra bites you.
* * * LOW HITPOINT WARNING * * *
The nine-headed hydra bites you but does no damage. x4
The nine-headed hydra bites you!
* * * LOW HITPOINT WARNING * * *
The nine-headed hydra bites you but does no damage. x2
The nine-headed hydra bites you.
* * * LOW HITPOINT WARNING * * *
The nine-headed hydra bites you!
* * * LOW HITPOINT WARNING * * *
You cannot teleport because you are held in place by your roots.
Read: 2 scrolls of fear
Press: ? - help, Q - select action, (/) - cycle Dir - look around, f - activate Look: a ten-headed hydra (lightly wounded, lightly drained, chance to affect: 85%)
As you read the scroll of fear, it crumbles to dust.
You assume a fearsome visage.
The ten-headed hydra resists with some effort.
The nine-headed hydra looks frightened!
The ten-headed hydra bites you but does no damage. x2
You block the ten-headed hydra's attack.
The ten-headed hydra bites you!
You die...

#........#####.##.........#.
#...)..>.....≈..............
#.........##≈≈≈≈#...........
#.........#≈≈≈≈≈#...........
#.........#≈≈≈≈≈#...........
#.........#≈≈≈≈≈#...........
#.........#≈≈≈≈≈#########...
########..#D≈≈≈≈# #####...
########)....D♣≈≈≈≈# #.......
###.......##'''##≈≈≈≈# #.......
.........##.....##≈≈≈# #.......
†##......#♣=...$≈#≈≈≈#####.......
.##......#...)..♣#[..............
.##......#≈....$♣#.........##.###
.##......##....♣##.........##.###
.##.......##♣♣♣# #.........##..##
.########## #...............


You could see a ten-headed hydra (drained) and a nine-headed hydra (fleeing,
corroded, drained).

Vanquished Creatures
  The ghost of safid the Severer, a journeyman HOFi of Beogh (D:11)
  2 boulder beetles (D:11)
  4 two-headed ogres
  3 death yaks (Lair:2)
  The ghost of firemarshallily the Frost Mage, a novice GnWn of Uskayaw (D:8)
  4 elephants (Lair:3)
  4 black mambas
  3 cane toads
  A gargoyle (D:11)
  A komodo dragon (Lair:1)
  A rime drake (Lair:2)
  3 kobold demonologists
  2 trolls
  A polar bear (Lair:1)
  2 hornets
  A meliai zombie (D:11)
  13 yaks
  2 spriggans (D:8)
  3 basilisks
  A wyvern (D:8)
  A steam dragon (D:6)
  An acid dragon (D:9)
  13 water moccasins
  A hornet zombie (D:6)
  3 orc warriors
  An ice beast (D:5)
  2 black bears
  8 wolves
  6 centaurs
  A phantom (D:4)
  5 bullfrogs
  7 kobold brigands
  2 scorpions (D:6)
  8 killer bees
  6 howler monkeys
  5 electric eels
  A centaur skeleton (D:4)
  4 centaur zombies
  8 hounds
  A jelly (D:7)
  2 gnoll shamans
  6 orc priests
  Crazy Yiuf (D:4)
  A bullfrog skeleton (D:6)
  Ijyb (D:4)
  An iguana (D:6)
  Natasha (thrice) (D:2)
  8 orc wizards
  A killer bee zombie (D:7)
  18 gnolls
  9 adders
  A shadow imp (D:6)
  2 white imps (D:5)
  A worm (D:3)
  4 dart slugs
  28 orcs
  10 endoplasms
  5 giant cockroaches
  9 goblins
  8 hobgoblins
  4 jackals
  3 quokkas
  4 ball pythons
  7 bats
  5 frilled lizards
  20 kobolds
  3 rats
302 creatures vanquished.

Vanquished Creatures (others)
  12 fungi
  18 plants
30 creatures vanquished.

Grand Total: 332 creatures vanquished

Notes
Turn   | Place    | Note
-------+----------+-------------------------------------------
     0 | D:1      | SanguineChosen the Minotaur Berserker began the quest for
                  | the Orb.
     0 | D:1      | Reached XP level 1. HP: 19/19 MP: 0/0
   190 | D:1      | Reached XP level 2. HP: 27/27 MP: 1/1
   238 | D:1      | Reached skill level 4 in Axes
   406 | D:1      | Reached XP level 3. HP: 26/33 MP: 2/2
   477 | D:1      | Reached ** piety under Trog
  1105 | D:2      | Found Xario's General Store.
  1113 | D:2      | Bought a scroll of identify for 20 gold pieces
  1148 | D:2      | Noticed Natasha
  1151 | D:2      | Killed Natasha
  1152 | D:2      | Reached skill level 5 in Axes
  1152 | D:2      | Reached XP level 4. HP: 36/41 MP: 3/3
  1327 | D:2      | Identified the +7 short sword of Vioptask {freeze, Str+2
                  | Int+5}
  1813 | D:2      | Noticed Natasha
  1821 | D:2      | Killed Natasha
  1822 | D:2      | Reached XP level 5. HP: 45/47 MP: 4/4
  2196 | D:2      | Noticed Natasha
  2201 | D:2      | Killed Natasha
  2201 | D:2      | Reached *** piety under Trog
  2764 | D:3      | Reached skill level 6 in Axes
  2765 | D:3      | Reached skill level 5 in Fighting
  3171 | D:4      | Reached XP level 6. HP: 34/56 MP: 5/5
  3351 | D:4      | Found a runed translucent door.
  3352 | D:4      | Noticed Crazy Yiuf
  3585 | D:4      | Noticed Ijyb
  3594 | D:4      | Killed Ijyb
  3595 | D:4      | Reached skill level 7 in Axes
  3638 | D:4      | Found Jyllyat's General Store.
  3704 | D:4      | Bought a +1 vorpal war axe for 158 gold pieces
  4214 | D:4      | Killed Crazy Yiuf
  4215 | D:4      | Reached XP level 7. HP: 50/61 MP: 6/6
  4413 | D:5      | Entered Level 5 of the Dungeon
  4623 | D:5      | Reached skill level 5 in Armour
  4770 | D:5      | Found a shimmering altar of Xom.
  4843 | D:5      | Reached skill level 8 in Axes
  4970 | D:5      | Found a staircase to the Ecumenical Temple.
  5028 | D:5      | Reached **** piety under Trog
  5522 | D:5      | Found a glowing golden altar of the Shining One.
  5524 | D:5      | Found a hazy altar of Hepliaklqana.
  5525 | D:5      | Found a broken altar of Ashenzari.
  5626 | D:5      | You fall into a shaft and drop 2 floors!
  5837 | D:7      | Reached XP level 8. HP: 63/70 MP: 7/7
  5890 | D:7      | Reached skill level 9 in Axes
  6607 | D:5      | Reached skill level 10 in Axes
  7224 | D:6      | Reached XP level 9. HP: 54/79 MP: 8/8
  8581 | D:8      | Reached skill level 11 in Axes
  8918 | D:8      | Found a runed translucent door.
  8919 | D:8      | Noticed firemarshallily's ghost (novice GnWn)
  9014 | D:8      | Noticed a two-headed ogre
  9041 | D:8      | Killed a two-headed ogre
  9042 | D:8      | Reached skill level 12 in Axes
  9042 | D:8      | Reached skill level 10 in Armour
  9042 | D:8      | Reached XP level 10. HP: 41/90 MP: 9/9
  9946 | D:8      | Identified the +1 trident "Naduosty" {freeze, rPois Dex+7}
 10145 | D:8      | Killed firemarshallily's ghost
 10434 | D:9      | Paralysed by a hornet for 1 turns
 10439 | D:9      | Reached skill level 13 in Axes
 11550 | D:10     | Entered Level 10 of the Dungeon
 11975 | D:10     | Reached XP level 11. HP: 89/99 MP: 10/10
 12000 | D:10     | Reached ***** piety under Trog
 12285 | D:10     | Found a staircase to the Lair.
 12347 | Lair:1   | Entered Level 1 of the Lair of Beasts
 12415 | Lair:1   | Reached skill level 10 in Fighting
 12415 | Lair:1   | Reached skill level 14 in Axes
 12432 | Lair:1   | Reached skill level 1 in Shields
 12585 | Lair:1   | Found an iron altar of Okawaru.
 13212 | Lair:2   | Found a staircase to the Snake Pit.
 13644 | Lair:2   | Noticed a death yak
 13646 | Lair:2   | Noticed a death yak
 13648 | Lair:2   | Noticed a death yak
 14029 | Lair:2   | Killed a death yak
 14034 | Lair:2   | Killed a death yak
 14043 | Lair:2   | Killed a death yak
 14043 | Lair:2   | Received a gift from Trog
 14044 | Lair:2   | Reached skill level 15 in Axes
 14517 | Lair:3   | Reached skill level 1 in Evocations
 14517 | Lair:3   | Reached XP level 12. HP: 95/110 MP: 11/11
 15133 | D:2      | Bought a scroll of acquirement for 520 gold pieces
 15133 | D:2      | Acquired a manual of Armour
 15471 | D:10     | Noticed a two-headed ogre
 15481 | D:10     | Killed a two-headed ogre
 15807 | D:11     | Found a shimmering altar of Xom.
 15808 | D:11     | Found a shimmering altar of Xom.
 15809 | D:11     | Found a shimmering altar of Xom.
 15815 | D:11     | Noticed a two-headed ogre
 15817 | D:11     | Found a shimmering altar of Xom.
 15817 | D:11     | Found a shimmering altar of Xom.
 15824 | D:11     | Found a shimmering altar of Xom.
 15824 | D:11     | Found a shimmering altar of Xom.
 15832 | D:11     | Killed a two-headed ogre
 15879 | D:11     | Found a shimmering altar of Xom.
 15887 | D:11     | Noticed a boulder beetle
 15977 | D:11     | Killed a boulder beetle
 16021 | D:11     | Reached skill level 16 in Axes
 16102 | D:11     | Noticed a boulder beetle
 16112 | D:11     | Killed a boulder beetle
 16113 | D:11     | Reached skill level 15 in Armour
 16203 | D:11     | Found a runed translucent gate.
 16212 | D:11     | Found a runed translucent gate.
 16212 | D:11     | Found a runed translucent gate.
 16213 | D:11     | Noticed safid's ghost (journeyman HOFi)
 16213 | D:11     | Noticed a nine-headed hydra
 16214 | D:11     | Noticed a ten-headed hydra
 16217 | D:11     | Noticed a two-headed ogre
 16225 | D:11     | Killed a two-headed ogre
 16313 | D:11     | Found a shimmering altar of Xom.
 16535 | D:11     | Killed safid's ghost
 16546 | D:11     | HP: 2/168 [nine-headed hydra (11)]
 16547 | D:11     | Mangled by a ten-headed hydra

Illustrated notes

Levels and vault maps discovered:
D:1:      ncdulo_halloftheorcs, layout_loops_ring, serial_bayou_pond_b,
          minmay_indecisive_spiral
D:2:      layout_basic, serial_shops, shop, uniq_natasha
D:3:      layout_loops_ring, chequers_avenue
D:4:      layout_basic, serial_shops, shop, uniq_crazy_yiuf_cottage, uniq_ijyb
D:5:      layout_basic, minitemple, lemuel_doored_altar,
          minmay_temple_entry_antechambers, guppyfry_early_orc_mine
D:6:      layout_gridville, bh_walls_and_bars
D:7:      layout_loops_cross, st_stairs_9
D:8:      layout_cave_pods, ebering_ghost_funeral_grove
D:9:      layout_basic
D:10:     layout_grid_maze, erik_lair_island
D:11:     layout_basic, gammafunk_ghost_hydra_chop, minivault_11,
          xom_shifter_show
Lair:1:   layout_misc_corridors, basic_altar, minivault_23
Lair:2:   layout_cave_pods, minmay_snake_entry_six_corridors
Lair:3:   layout_concentric_octagons

Skill      XL: |  1  2  3  4  5  6  7  8  9 10 11 12 |
---------------+-------------------------------------+-----
Axes           | 4 5 6 7 8 10 12 13 15 16 | 16.4
Fighting       | 4 5 6 7 8 9 11 12 | 12.3
Armour         | 3 4 6 7 10 12 13 15 | 15.2
Dodging        | 3 |  3.7
Shields        | 2 3 |  3.9
Evocations     | 1 |  1.1

Action                   |  1- 3 |  4- 6 |  7- 9 | 10-12 || total
-------------------------+-------+-------+-------+-------++-------
Melee: Hand axe          |    82 |    73 |       |       ||   155
       Headbutt          |     8 |    21 |    50 |    99 ||   178
       Punch             |     1 |     1 |     1 |       ||     3
       War axe           |       |    58 |   221 |   347 ||   626
       Broad axe         |       |       |       |   156 ||   156
       Morningstar       |       |       |       |     6 ||     6
Evoke: Wand              |       |       |       |     8 ||     8
  Use: Scroll            |     7 |     4 |     6 |     6 ||    23
       Potion            |       |     1 |     4 |    11 ||    16
Armor: Chain mail        |    50 |    61 |    23 |       ||   134
       Animal skin       |     1 |       |       |       ||     1
       Plate armour      |       |       |   115 |   258 ||   373
       Skin              |       |       |       |   104 ||   104
Dodge: Dodged            |    48 |    50 |    96 |   180 ||   374
Block: Buckler           |       |       |       |    63 ||    63
